 Dungeon Sprint DCSS version 0.21.1-1-g345015f (webtiles) character file.

613 equalderp2856 the Protected (level 7, -2/72 HPs)
             Began as a Minotaur Fighter on May 21, 2018.
             Slain by Sonja
             ... wielding a +0 short sword of draining
              (3 damage)
             ... in the Dungeon (Sprint I: "Red Sonja").
             The game lasted 00:02:31 (768 turns).

equalderp2856 the Protected (Minotaur Fighter)       Turns: 768, Time: 00:02:32

Health: -2/72      AC:  6    Str: 21    XL:     7   Next: 20%
Magic:  6/6        EV:  6    Int:  5    God:
Gold:   307        SH:  7    Dex: 11    Spells: 6/6 levels left

rFire    . . .     SeeInvis .   a - +0 war axe
rCold    . . .     Gourm    .   c - +0 shield
rNeg     . . .     Faith    .   b - +0 scale mail
rPois    .         Spirit   .   (helmet restricted)
rElec    .         Reflect  .   (no cloak)
rCorr    .         Harm     .   (no gloves)
MR       .....     NoTele   +   (no boots)
Stlth    ..........             (no amulet)
HPRegen  0.22/turn              (no ring)
MPRegen  0.10/turn              (no ring)

@: lethally poisoned (-2 -> -12), slowed, extremely drained, very slow
A: retaliatory headbutt, horns 2
a: no special abilities


You were in the Dungeon.
You were not hungry.

You visited 1 branch You collected 307 gold pieces.

Inventory:

Hand Weapons
 a - a +0 war axe (weapon)
Armour
 b - a +0 scale mail (worn)
 c - a +0 shield (worn)
Scrolls
 k - a scroll of blinking
Potions
 d - a potion of might
 h - a potion of haste
 i - 2 potions of magic
 j - a potion of berserk rage
Comestibles
 f - 2 rations


   Skills:
 + Level 10.1(0.0) Fighting
 + Level 8.7(0.0) Axes
 + Level 10.6(0.0) Armour
 + Level 1.8(0.0) Dodging
 + Level 9.9(0.0) Shields


You had 6 spell levels left.
You didn't know any spells.

Dungeon Overview and Level Annotations

Branches:
Dungeon (1/1)

Altars:
Cheibriados
Dithmenos
Elyvilon
Fedhas
Gozag
Hepliaklqana
Kikubaaqudgha
Makhleb
Nemelex Xobeh
Okawaru
Qazlal
Ru
Sif Muna
Trog
Uskayaw
Vehumet
Wu Jian
Xom
Yredelemnul
Zin
The Shining One
Jiyva
Lugonu

Shops:
D [

Annotations:
D Sonja


Innate Abilities, Weirdness & Mutations

You reflexively headbutt those who attack you in melee.
You have a pair of horns on your head.


Message History

Okay, then.
* * * LOW HITPOINT WARNING * * *
You feel very sick.
Sonja says, "If only old Madame Brzewit could see me now!"
There is an open door here.
* * * LOW HITPOINT WARNING * * *
You feel sick.
You miss Sonja. Your headbutt misses Sonja.
* * * LOW HITPOINT WARNING * * *
You feel very sick.
Sonja unwields an uncursed blowgun.
Sonja wields an uncursed short sword of draining.
You sense an unholy aura.
You block Sonja's attack. Sonja hits you but does no damage.
You feel drained. You block Sonja's attack. Sonja hits you but does no damage.
You feel drained. Sonja hits you but does no damage.
You feel drained. You block Sonja's attack.
Sonja hits you with an uncursed short sword of draining.
* * * LOW HITPOINT WARNING * * *
You feel drained.
You die...

#..'[.#..').#..'..+
#..#####'#####'#__#
#..####..#...#.####
#..#__####..##)#
#..#_____##'#_.+
#⌠⌠#_.∩...†..._#
####_..__##_(#'#
#_____###K#.#
####### #@### +$.$+
#$.$# ##.## #+#


You could see Sonja.

Vanquished Creatures
  A slime creature (D)
  Sigmund (D)
  A yak (D)
  An ogre (D)
  A jelly (D)
  Ijyb (D)
6 creatures vanquished.

Notes
Turn   | Place    | Note
-------+----------+-------------------------------------------
     0 | D        | equalderp2856 the Minotaur Fighter began the quest for the Orb.
     0 | D        | Reached XP level 1. HP: 19/19 MP: 0/0
     2 | D        | Noticed Ijyb
     8 | D        | Killed Ijyb
     8 | D        | Reached skill level 5 in Fighting
     8 | D        | Reached skill level 5 in Armour
     8 | D        | Reached skill level 5 in Shields
     8 | D        | Reached XP level 2. HP: 29/29 MP: 1/1
    13 | D        | Noticed an ogre
    20 | D        | Killed an ogre
    20 | D        | Reached XP level 3. HP: 25/38 MP: 2/2
    20 | D        | Reached XP level 4. HP: 29/45 MP: 3/3
   133 | D        | Noticed Sigmund
   175 | D        | Killed Sigmund
   175 | D        | Reached skill level 1 in Dodging
   175 | D        | Reached XP level 5. HP: 40/56 MP: 4/4
   281 | D        | Found a burning altar of Makhleb.
   281 | D        | Found a viscous altar of Jiyva.
   281 | D        | Found a shimmering altar of Xom.
   281 | D        | Found a corrupted altar of Lugonu.
   281 | D        | Noticed a slime creature
   289 | D        | Killed a slime creature
   289 | D        | Reached skill level 10 in Armour
   289 | D        | Reached XP level 6. HP: 26/64 MP: 5/5
   567 | D        | Found an ornate altar of the Wu Jian Council.
   567 | D        | Found a deep blue altar of Sif Muna.
   569 | D        | Found a radiant altar of Vehumet.
   612 | D        | Found Beol's Armour Emporium.
   612 | D        | Found an ancient bone altar of Kikubaaqudgha.
   612 | D        | Found a hazy altar of Hepliaklqana.
   612 | D        | Found a stormy altar of Qazlal.
   612 | D        | Found a hide-covered altar of Uskayaw.
   612 | D        | Found a blossoming altar of Fedhas.
   612 | D        | Found a bloodstained altar of Trog.
   612 | D        | Found an iron altar of Okawaru.
   612 | D        | Found a basalt altar of Yredelemnul.
   612 | D        | Found a glowing golden altar of the Shining One.
   612 | D        | Found a snail-covered altar of Cheibriados.
   612 | D        | Found a sacrificial altar of Ru.
   612 | D        | Found a glowing silver altar of Zin.
   612 | D        | Found a shadowy altar of Dithmenos.
   612 | D        | Found a white marble altar of Elyvilon.
   612 | D        | Noticed a yak
   616 | D        | Killed a yak
   616 | D        | Reached skill level 10 in Fighting
   616 | D        | Reached XP level 7. HP: 57/72 MP: 6/6
   739 | D        | Found an opulent altar of Gozag.
   740 | D        | Found a sparkling altar of Nemelex Xobeh.
   751 | D        | Noticed Sonja
   768 | D        | HP: 1/72 [Sonja/uncursed short sword of draining (6)]
   768 | D        | Slain by Sonja

Skill      XL: |  1  2  3  4  5  6 |
---------------+-------------------+-----
Fighting       | 5 6 8 9 10 | 10.1
Axes           | 3 4 6 7 8 |  8.7
Armour         | 5 6 8 10 | 10.6
Shields        | 5 6 8 9 |  9.9
Dodging        | 1 |  1.8

Action                   |  1- 3 |  4- 6 |  7- 9 || total
-------------------------+-------+-------+-------++-------
Melee: War axe           |    11 |    22 |     9 ||    42
       Headbutt          |     3 |     4 |       ||     7
  Use: Potion            |       |       |     3 ||     3
Armor: Scale mail        |     4 |     2 |    26 ||    32
Dodge: Dodged            |     3 |     6 |    12 ||    21
Block: Shield            |     3 |     4 |    21 ||    28
